Map: Terrasses de Prion

Players

zidar

  • Race: Zerg Zerg
  • League: Gold
  • Spawn Location: 11:00

alsibiate - Winner!

  • Race: Protoss Protoss
  • League: Silver
  • Spawn Location: 5:00

VOD

Have the link to the VOD?

Description

Time

  • Played on: May 17, 2016, 11:37 a.m.
  • Length: 14:29
Show
View Real Time Build Order
Export as new Build Order

zidar Zerg 

Build Orders: Hatch First 

Get SALT Encoding   

  12  0:01  Drone  
  13  0:12  Overlord  
  13  0:17  Drone  
  14  0:30  Drone x2  
  14  0:34  Drone  
  17  0:54  Hatchery  
  16  0:57  Drone  
  17  1:12  Spawning Pool  
  17  1:15  Drone  
  17  1:23  Extractor, Drone  
  17  1:25  Drone  
  18  1:57  Hatchery, Drone x2  
  18  2:03  Overlord  
  18  2:17  Drone  
  18  2:21  Drone  
  20  2:24  Drone  
  21  2:30  Metabolic Boost  
  21  2:41  Drone x2  
  21  2:42  Evolution Chamber  
  22  2:45  Drone  
  22  2:50  Overlord  
  23  2:56  Zergling x4  
  23  2:57  Zergling x2  
  29  3:12  Drone x3  
  29  3:19  Queen  
  29  3:20  Queen  
  29  3:26  Queen  
  35  3:33  Zergling x4  
  37  3:54  Zerg Melee Weapons Level 1  
  37  3:55  Pneumatized Carapace  
  37  4:03  Drone x8  
  37  4:04  Extractor, Drone  
  45  4:58  Lair  
  45  5:03  Extractor  
  45  5:05  Extractor  
  43  5:13  Evolution Chamber  
  42  5:17  Queen  
  42  5:19  Overlord x2  
  42  5:20  Overlord x2  
  44  5:27  Hatchery  
  38  5:46  Spore Crawler  
  38  5:47  Queen  
  39  5:53  Spore Crawler  
  38  6:02  Spore Crawler  
  37  6:05  Queen  
  37  6:09  Hydralisk Den  
  37  6:10  Drone x4  
  37  6:11  Drone x10  
  52  6:13  Zerg Ground Armor Level 1  
  52  6:15  Zerg Missile Weapons Level 1  
  52  6:28  Drone x8  
  60  6:42  Roach Warren  
  60  6:44  Infestation Pit  
  58  6:47  Muscular Augments  
  58  7:00  Drone  
  59  7:09  Hydralisk  
  59  7:10  Hydralisk x9  
  79  7:17  Overseer  
  79  7:22  Glial Reconstitution  
  79  7:28  Hive  
  79  7:39  Extractor  
  79  7:41  Extractor  
  77  7:50  Roach  
  79  7:52  Overlord  
  79  7:53  Overlord x7  
  79  8:14  Overseer  
  79  8:17  Zerg Ground Armor Level 2  
  79  8:18  Zerg Melee Weapons Level 2  
  79  8:47  Hydralisk x8  
  95  9:07  Drone  
  95  9:08  Drone x6  
  102  9:12  Hydralisk x7  
  116  9:25  Adrenal Glands  
  116  9:49  Overlord x6  
  116  10:02  Overseer  
  116  10:06  Roach x2  
  116  10:07  Roach x13  
  146  10:20  Spire  
  145  10:30  Roach x6  
  145  10:31  Roach x6  
  145  10:33  Ravager  
  145  10:34  Ravager  
  171  10:36  Ravager  
  172  11:11  Zerg Ground Armor Level 3  
  172  11:15  Zerg Melee Weapons Level 3  
  173  11:18  Zergling x8  
  173  11:19  Zergling x16  
  184  11:26  Overlord x5, Hatchery  
  184  11:30  Overseer  
  184  11:31  Overseer  
  183  11:41  Greater Spire  
  62  12:59  Hydralisk x18  
  62  13:00  Hydralisk x7  
  74  13:43  Hydralisk x7  
  74  13:44  Hydralisk x3  
  78  14:05  Spore Crawler  
  78  14:06  Spore Crawler  
  70  14:12  Spore Crawler  
  70  14:13  Spore Crawler  
  70  14:14  Spore Crawler  
Show
View Real Time Build Order
Export as new Build Order

alsibiate Protoss - Winner!

Build Orders: 1 Gate Expand, Forge Fast Expand (FFE) 

Get SALT Encoding   

  12  0:02  Probe (Chrono Boost)  
  13  0:12  Probe (Chrono Boost)  
  14  0:19  Pylon  
  14  0:23  Probe (Chrono Boost)  
  15  0:38  Probe (Chrono Boost)  
  16  0:49  Forge  
  16  0:56  Gateway  
  16  1:22  Nexus  
  16  1:31  Photon Cannon  
  16  1:41  Pylon  
  16  1:45  Probe (Chrono Boost)  
  17  1:56  Probe (Chrono Boost)  
  18  2:06  Probe (Chrono Boost)  
  18  2:07  Assimilator  
  19  2:12  Assimilator  
  19  2:17  Probe (Chrono Boost)  
  20  2:34  Assimilator  
  20  2:37  Assimilator  
  20  2:43  Cybernetics Core  
  20  2:49  Probe (Chrono Boost)  
  21  2:59  Probe (Chrono Boost)  
  22  3:10  Probe (Chrono Boost), Pylon  
  23  3:18  Probe (Chrono Boost)  
  24  3:23  Stalker (Chrono Boost)  
  26  3:28  Probe  
  27  3:34  Probe  
  27  3:40  Probe  
  29  3:45  Probe  
  30  3:53  Probe  
  30  3:55  Probe  
  31  3:57  Stargate  
  32  4:05  Probe  
  32  4:06  Probe  
  32  4:07  Stalker (Chrono Boost)  
  36  4:14  Protoss Shields Level 1  
  36  4:16  Probe  
  36  4:18  Probe  
  38  4:30  Probe, Pylon  
  39  4:42  Void Ray (Chrono Boost)  
  39  4:44  Stargate  
  43  4:55  Zealot  
  43  4:56  Mothership Core  
  47  5:05  Protoss Air Armor Level 1  
  47  5:12  Pylon  
  47  5:38  Void Ray (Chrono Boost)  
  55  5:44  Void Ray (Chrono Boost)  
  55  5:52  Nexus  
  55  6:02  Probe  
  56  6:13  Probe  
  56  6:14  Probe  
  56  6:15  Void Ray (Chrono Boost)  
  67  6:25  Probe  
  67  6:26  Probe  
  67  6:29  Void Ray (Chrono Boost)  
  68  6:38  Probe  
  69  6:40  Pylon  
  69  6:42  Pylon  
  69  6:46  Twilight Council  
  69  6:55  Fleet Beacon  
  69  6:59  Protoss Air Weapons Level 1, Void Ray (Chrono Boost)  
  73  7:02  Probe  
  74  7:13  Probe x2  
  76  7:16  Probe  
  76  7:22  Void Ray (Chrono Boost)  
  81  7:23  Probe  
  81  7:25  Probe  
  81  7:27  Protoss Shields Level 2  
  81  7:28  Probe  
  84  7:45  Void Ray (Chrono Boost)  
  88  7:55  Cybernetics Core  
  88  7:56  Probe  
  89  8:00  Void Ray (Chrono Boost)  
  89  8:04  Assimilator  
  93  8:07  Probe  
  93  8:09  Assimilator  
  94  8:17  Probe  
  95  8:23  Stargate  
  95  8:25  Stargate  
  95  8:28  Probe  
  96  8:38  Probe  
  97  8:47  Void Ray (Chrono Boost)  
  99  8:58  Protoss Air Armor Level 2  
  99  9:05  Pylon  
  99  9:07  Forge, Pylon  
  99  9:22  Probe  
  99  9:23  Void Ray (Chrono Boost)  
  104  9:32  Void Ray (Chrono Boost)  
  104  9:33  Probe  
  104  9:38  Void Ray (Chrono Boost)  
  117  9:42  Void Ray (Chrono Boost)  
  117  9:43  Protoss Air Weapons Level 2 (Chrono Boost)  
  117  9:56  Pylon  
  117  9:58  Pylon  
  117  9:59  Pylon  
  117  10:13  Probe  
  118  10:23  Probe  
  118  10:25  Void Ray (Chrono Boost)  
  118  10:26  Void Ray (Chrono Boost)  
  127  10:34  Probe  
  128  10:45  Probe  
  128  10:49  Robotics Facility  
  129  10:55  Probe  
  130  10:59  Protoss Air Armor Level 3 (Chrono Boost)  
  130  11:03  Nexus  
  138  11:04  Void Ray x2 (Chrono Boost)  
  138  11:06  Assimilator  
  138  11:10  Assimilator  
  138  11:13  Pylon x2  
  138  11:16  Pylon  
  138  11:20  Pylon  
  138  11:23  Pylon  
  138  11:31  Void Ray (Chrono Boost)  
  142  11:50  Void Ray x3  
  154  12:17  Void Ray  
  158  12:32  Void Ray x2  
  158  12:53  Pylon x2  
  158  12:54  Pylon  
  138  13:07  Void Ray x2  
  146  13:15  Void Ray x2  
Tags
 
Add a new tag
Caveats
  • Supply blocks, unpowered buildings, or Contaminate may cause inaccurate times.
  • Supply counts are checked every 10 seconds.